COLORADO Avalanche vs ST. LOUIS Blues

Created - 3 mars 2024 at 14:48

Goals
1 2 3 T
COLORADO Avalanche 2 0 1 3
ST. LOUIS Blues 3 2 2 7
Shots
1 2 3 T
COLORADO Avalanche 14 11 7 32
ST. LOUIS Blues 20 5 10 35

1st period

1. ST. LOUIS Blues , Roope Hintz 18 (Erik Haula 16, Gustav Forsling 21) at 3:07 (PP)
2. COLORADO Avalanche , Jordan Eberle 10 (Tomas Nosek 7, Nick Foligno 11) at 5:01
3. ST. LOUIS Blues , Marcus Johansson 4 (Brandon Tanev 4, Erik Haula 17) at 5:38
4. ST. LOUIS Blues , Roope Hintz 19 (Oscar Klefbom 5) at 8:39
5. COLORADO Avalanche , Jason Zucker 8 (Jeff Skinner 24) at 10:52 (SH)

Penalties :
Jason Zucker (COL) for Interference (Minor) at 1:33, Tyson Barrie (COL) for Roughing (Minor) at 2:13, Jake DeBrusk (COL) for High sticking (Minor) at 10:10, Colin Miller (STL) for Fighting (Major) at 16:21, Jason Zucker (COL) for Fighting (Major) at 16:21, Jordie Benn (COL) for Roughing (Minor) at 19:37

2nd period

6. ST. LOUIS Blues , Roope Hintz 20 (Calle Jarnkrok 12, Damon Severson 16) at 2:41
7. ST. LOUIS Blues , Gustav Forsling 10 (Oliver Bjorkstrand 18, Evgeny Kuznetsov 12) at 9:05 (PP)

Penalties :
Erik Haula (STL) for High sticking (Minor) at 0:15, Erik Haula (STL) for Roughing (Minor) at 3:02, Zach Bogosian (COL) for Holding (Minor) at 8:51, Roope Hintz (STL) for Cross-checking (Minor) at 9:28, Erik Karlsson (STL) for Cross-checking (Minor) at 10:07, Gustav Forsling (STL) for Elbowing (Minor) at 18:12

3rd period

8. ST. LOUIS Blues , Gustav Forsling 11 (Erik Karlsson 19, Roope Hintz 29) at 1:10
9. COLORADO Avalanche , Jeff Skinner 10 (David Pastrnak 16, Oliver Ekman-Larsson 19) at 5:50
10. ST. LOUIS Blues , Brandon Tanev 6 (Erik Haula 18, Oscar Klefbom 6) at 14:23

Penalties :
Erik Karlsson (STL) for Tripping (Minor) at 16:23

Goalie Stats

Jonathan Quick (COL), 21 saves from 27 shots - (0,778), L, 17-16-2, 41:10 minutes
Magnus Hellberg (COL), 7 saves from 8 shots - (0,875), 18:50 minutes
Filip Gustavsson (STL), 29 saves from 32 shots - (0,906), W, 17-13-3, 60:00 minutes

Players Stats for COLORADO Avalanche

Player Name              G  A  P  +/- PIM S  H  SB GA TA FO     MP     PP MP  PK MP  
------------------------------------------------------------------------------------
Alex Iafallo             0  0  0  -2  0   3  1  0  0  0  2/3    20:35   5:00   0:40 
Craig Smith              0  0  0   0  0   1  0  0  0  0  0/2     4:04   0:00   0:00 
David Pastrnak           0  1  1  -1  0   2  0  0  0  0  0/3    19:39   4:13   0:00 
Jake DeBrusk             0  0  0  -1  2   4  0  1  0  0  1/2    22:48   4:13   2:22 
Jason Zucker             1  0  1  -1  7   3  1  0  0  0  0/3    19:48   3:13   1:34 
Jeff Skinner             1  1  2   0  0   8  0  0  0  0  20/38  26:40   6:00   4:26 
Jordan Eberle            1  0  1   0  0   2  0  0  0  0  0/1    10:04   0:00   0:00 
Jordie Benn              0  0  0   0  2   0  3  0  0  0  0/0    12:06   0:00   0:00 
Kris Russell             0  0  0  -1  0   0  1  2  0  0  0/0    13:08   0:00   1:11 
Mark Pysyk               0  0  0   0  0   0  1  0  0  0  0/0    21:57   4:22   2:19 
Nick Foligno             0  1  1   0  0   1  4  0  0  0  4/13   13:27   0:00   0:00 
Oliver Ekman-Larsson     0  1  1  -1  0   0  4  2  0  0  0/0    26:46   4:51   3:51 
Tomas Nosek              0  1  1   0  0   0  2  0  0  0  0/0    10:04   0:00   0:00 
Trevor Zegras            0  0  0  -2  0   2  2  0  0  0  18/37  20:59   5:00   1:04 
Tyler Johnson            0  0  0   0  0   0  0  0  0  0  0/0     0:00   0:00   0:00 
Tyson Barrie             0  0  0  -1  2   4  2  0  0  0  0/0    24:54   4:51   1:59 
Zach Aston-Reese         0  0  0   0  0   2  0  0  0  0  0/1     4:04   0:00   0:00 
Zach Bogosian            0  0  0  -1  2   0  1  2  0  0  0/0    21:06   4:22   1:39 

Players Stats for ST. LOUIS Blues

Player Name              G  A  P  +/- PIM S  H  SB GA TA FO     MP     PP MP  PK MP  
------------------------------------------------------------------------------------
Brandon Tanev            1  1  2   2  0   1  1  0  0  0  0/1    13:15   0:22   0:00 
Calle Jarnkrok           0  1  1   3  0   2  0  0  0  0  2/2    14:56   0:00   0:04 
Colin Miller             0  0  0   2  5   0  3  0  0  0  0/0    13:05   2:28   0:36 
Damon Severson           0  1  1  -2  0   3  2  2  0  0  0/0    21:05   2:50   3:49 
Erik Brannstrom          0  0  0   0  0   0  0  0  0  0  0/0     0:00   0:00   0:00 
Erik Gustafsson          0  0  0  -1  0   0  2  2  0  0  0/0    16:57   0:22   2:24 
Erik Haula               0  3  3   2  4   4  0  0  0  0  15/17  17:28   2:58   2:13 
Erik Karlsson            0  1  1   1  4   1  2  3  0  0  0/0    26:06   2:40   3:09 
Evgeny Kuznetsov         0  1  1  -2  0   3  2  0  0  0  16/29  20:31   2:31   2:05 
Gustav Forsling          2  1  3   1  2   5  2  3  0  0  0/0    27:02   2:40   4:05 
Jack Roslovic            0  0  0   2  0   0  2  0  0  0  1/2    20:33   2:31   3:10 
Jonathan Marchessault    0  0  0  -1  0   4  3  0  0  0  0/1    23:42   2:37   4:59 
Kevin Labanc             0  0  0  -1  0   0  0  0  0  0  0/0     1:26   0:00   0:00 
Marcus Johansson         1  0  1   2  0   2  0  0  0  0  1/1    12:18   0:00   0:00 
Oliver Bjorkstrand       0  1  1  -2  0   2  1  0  0  0  2/2    17:51   2:31   0:00 
Oscar Klefbom            0  2  2   3  0   0  1  0  0  0  0/0    15:41   0:00   4:22 
Robby Fabbri             0  0  0  -1  0   0  0  0  0  0  0/2     1:26   0:00   0:00 
Roope Hintz              3  1  4   2  2   8  0  0  0  0  21/46  24:37   2:59   4:35 

3 Stars

1 - Roope Hintz (STL)
2 - Gustav Forsling (STL)
3 - Brandon Tanev (STL)

Power Play

COLORADO Avalanche - 0 on 6 Attempt(s) - 0,00%
ST. LOUIS Blues - 2 on 5 Attempt(s) - 40,00%

Penalty Kill

COLORADO Avalanche - 3 on 5 Attempt(s) - 60,00% - Score 1 goal in Penalty Kill
ST. LOUIS Blues - 6 on 6 Attempt(s) - 100,00% - Score 0 goal in Penalty Kill

Team Stat

COLORADO Avalanche - Hits : 22 - Faceoff Wins : 45 - Blocked Shots : 7 - Penalty Minutes : 15
ST. LOUIS Blues - Hits : 21 - Faceoff Wins : 58 - Blocked Shots : 10 - Penalty Minutes : 17

Official

Referees : Lacey Senuk and Francis Charron
Linesman : Brad Kovachik and Jonny Murray

Game Notes

Colin Miller beats up Jason Zucker at 16:21 of 1st period
Roope Hintz has scored a Hat Trick!
Magnus Hellberg enters game at 1:10 of 3rd period

Finance

Level 1 -- Attendance: 5527 (78,96%) -- Ticket Income $525,065
Level 2 -- Attendance: 5000 (100,00%) -- Ticket Income $275,000
Level 3 -- Attendance: 2000 (100,00%) -- Ticket Income $70,000
Level 4 -- Attendance: 4000 (100,00%) -- Ticket Income $80,000
Luxury Box -- Attendance: 939 (62,60%) -- Ticket Income $159,630
Game was played at the Scottrade Center.
Total Attendance: 17466 (89,57%)
Total Ticket Income: $1,109,695
Other Income: $277,424
Total Income: $1,387,119

COLORADO Avalanche

5 vs 5 Forward 
   Center                   Left Wing                Right Wing               Time % Phy DF OF 
 1 Jeff Skinner             Jake DeBrusk             David Pastrnak           40     1   2  2  
 2 Trevor Zegras            Alex Iafallo             Jason Zucker             30     1   2  2  
 3 Nick Foligno             Tomas Nosek              Jordan Eberle            20     1   2  2  
 4 Craig Smith              Zach Aston-Reese         Nick Foligno             10     1   2  2  

5 vs 5 Defense 
   Defense                  Defense                                           Time % Phy DF OF 
 1 Tyson Barrie             Oliver Ekman-Larsson                              40     1   2  2  
 2 Zach Bogosian            Mark Pysyk                                        30     1   2  2  
 3 Kris Russell             Jordie Benn                                       20     1   2  2  
 4 Tyson Barrie             Oliver Ekman-Larsson                              10     1   2  2  

PowerPlay Forward 
   Center                   Left Wing                Right Wing               Time % Phy DF OF 
 1 Jeff Skinner             Jake DeBrusk             David Pastrnak           60     1   2  2  
 2 Trevor Zegras            Alex Iafallo             Jeff Skinner             40     1   2  2  

PowerPlay Defense
   Defense                  Defense                                           Time % Phy DF OF 
 1 Tyson Barrie             Oliver Ekman-Larsson                              60     1   2  2  
 2 Zach Bogosian            Mark Pysyk                                        40     1   2  2  

Penalty Kill 4 Players Forward 
   Center                   Wing                     Time % Phy DF OF 
 1 Jeff Skinner             Jake DeBrusk             60     1   2  2  
 2 Trevor Zegras            Jason Zucker             40     1   2  2  

Penalty Kill 4 Players Defense
   Defense                  Defense                  Time % Phy DF OF 
 1 Tyson Barrie             Oliver Ekman-Larsson     60     1   2  2  
 2 Zach Bogosian            Mark Pysyk               40     1   2  2  

Penalty Kill - 3 Players Forward 
   Forward                                           Time % Phy DF OF 
 1 Jeff Skinner                                      60     1   2  2  
 2 Trevor Zegras                                     40     1   2  2  

Penalty Kill - 3 Players Defense
   Defense                  Defense                  Time % Phy DF OF 
 1 Tyson Barrie             Oliver Ekman-Larsson     60     1   2  2  
 2 Zach Bogosian            Mark Pysyk               40     1   2  2  

4 vs 4 Forward 
   Center                   Wing                     Time % Phy DF OF 
 1 Jeff Skinner             Jake DeBrusk             60     1   2  2  
 2 Trevor Zegras            Jason Zucker             40     1   2  2  

4 vs 4 Defense
   Defense                  Defense                  Time % Phy DF OF 
 1 Tyson Barrie             Oliver Ekman-Larsson     60     1   2  2  
 2 Zach Bogosian            Mark Pysyk               40     1   2  2  

Last Minutes Offensive
   Center                   Left Wing                Right Wing               Defense                  Defense                  
   Jeff Skinner             Jake DeBrusk             David Pastrnak           Tyson Barrie             Oliver Ekman-Larsson     

Last Minutes Defensive
   Center                   Left Wing                Right Wing               Defense                  Defense                  
   Jeff Skinner             Jake DeBrusk             David Pastrnak           Tyson Barrie             Oliver Ekman-Larsson     

Goaltenders
Starting : Jonathan Quick           
Backup : Magnus Hellberg          

Extra Forwards
Normal : Jason Zucker, Alex Iafallo, Trevor Zegras - PP : Jason Zucker, Alex Iafallo - PK : Jason Zucker
Extra Defensemen
Normal : Mark Pysyk, Kris Russell, Jordie Benn - PP : Mark Pysyk - PK : Mark Pysyk, Kris Russell
Penalty Shots
David Pastrnak, Jeff Skinner, Jake DeBrusk, Jordan Eberle, Jason Zucker

Scratches
None

ST. LOUIS Blues

5 vs 5 Forward 
   Center                   Left Wing                Right Wing               Time % Phy DF OF 
 1 Evgeny Kuznetsov         Jonathan Marchessault    Oliver Bjorkstrand       35     1   2  2  
 2 Roope Hintz              Calle Jarnkrok           Jack Roslovic            35     1   2  2  
 3 Erik Haula               Brandon Tanev            Marcus Johansson         20     1   2  2  
 4 Robby Fabbri             Kevin Labanc             Roope Hintz              10     1   2  2  

5 vs 5 Defense 
   Defense                  Defense                                           Time % Phy DF OF 
 1 Erik Karlsson            Gustav Forsling                                   40     1   2  2  
 2 Damon Severson           Erik Gustafsson                                   30     1   2  2  
 3 Colin Miller             Oscar Klefbom                                     20     1   2  2  
 4 Gustav Forsling          Erik Karlsson                                     10     1   2  2  

PowerPlay Forward 
   Center                   Left Wing                Right Wing               Time % Phy DF OF 
 1 Roope Hintz              Jonathan Marchessault    Erik Haula               60     1   2  2  
 2 Evgeny Kuznetsov         Oliver Bjorkstrand       Jack Roslovic            40     1   2  2  

PowerPlay Defense
   Defense                  Defense                                           Time % Phy DF OF 
 1 Erik Karlsson            Gustav Forsling                                   60     1   2  2  
 2 Damon Severson           Colin Miller                                      40     1   2  2  

Penalty Kill 4 Players Forward 
   Center                   Wing                     Time % Phy DF OF 
 1 Roope Hintz              Jonathan Marchessault    60     1   2  2  
 2 Erik Haula               Evgeny Kuznetsov         40     1   2  2  

Penalty Kill 4 Players Defense
   Defense                  Defense                  Time % Phy DF OF 
 1 Erik Karlsson            Gustav Forsling          60     1   2  2  
 2 Damon Severson           Oscar Klefbom            40     1   2  2  

Penalty Kill - 3 Players Forward 
   Forward                                           Time % Phy DF OF 
 1 Roope Hintz                                       60     1   2  2  
 2 Jonathan Marchessault                             40     1   2  2  

Penalty Kill - 3 Players Defense
   Defense                  Defense                  Time % Phy DF OF 
 1 Erik Karlsson            Gustav Forsling          60     1   2  2  
 2 Damon Severson           Oscar Klefbom            40     1   2  2  

4 vs 4 Forward 
   Center                   Wing                     Time % Phy DF OF 
 1 Roope Hintz              Jonathan Marchessault    60     1   2  2  
 2 Erik Haula               Evgeny Kuznetsov         40     1   2  2  

4 vs 4 Defense
   Defense                  Defense                  Time % Phy DF OF 
 1 Erik Karlsson            Gustav Forsling          60     1   2  2  
 2 Damon Severson           Colin Miller             40     1   2  2  

Last Minutes Offensive
   Center                   Left Wing                Right Wing               Defense                  Defense                  
   Roope Hintz              Jonathan Marchessault    Oliver Bjorkstrand       Erik Karlsson            Gustav Forsling          

Last Minutes Defensive
   Center                   Left Wing                Right Wing               Defense                  Defense                  
   Roope Hintz              Jonathan Marchessault    Oliver Bjorkstrand       Erik Karlsson            Gustav Forsling          

Goaltenders
Starting : Filip Gustavsson         
Backup : Marc-Andre Fleury        

Extra Forwards
Normal : Evgeny Kuznetsov, Brandon Tanev, Jack Roslovic - PP : Evgeny Kuznetsov, Brandon Tanev - PK : Jack Roslovic
Extra Defensemen
Normal : Colin Miller, Oscar Klefbom, Gustav Forsling - PP : Colin Miller - PK : Oscar Klefbom, Erik Karlsson
Penalty Shots
Roope Hintz, Jonathan Marchessault, Erik Karlsson, Evgeny Kuznetsov, Gustav Forsling

Scratches
None


% Time on Ice - COLORADO Avalanche

Lines # - Real PCT - Wanted PCT - Time Play
Normal Forward
1 - 34% - 40% - 14:53
2 - 34% - 30% - 14:55
3 - 23% - 20% - 10:04
4 - 9% - 10% - 4:04
Normal Defense
1 - 38% - 40% - 16:32
2 - 31% - 30% - 13:45
3 - 28% - 20% - 12:07
4 - 3% - 10% - 1:32
PP Forward
1 - 46% - 60% - 4:13
2 - 54% - 40% - 5:00
PP Defense
1 - 53% - 60% - 4:51
2 - 47% - 40% - 4:22
PK Forward
1 - 82% - 60% - 3:46
2 - 18% - 40% - 0:50
PK Defense
1 - 67% - 60% - 3:05
2 - 33% - 40% - 1:31
PK3 Forward
1 - 74% - 60% - 0:40
2 - 26% - 40% - 0:14
PK3 Defense
1 - 85% - 60% - 0:46
2 - 15% - 40% - 0:08
44 Forward
1 - 100% - 60% - 1:21
2 - 0% - 40% - 0:00
44 Defense
1 - 0% - 60% - 0:00
2 - 100% - 40% - 1:21
Last Minute Offensive  - 0:00
Last Minute Defensive  - 0:00
Total
Forward - 60:00
Defense - 60:00

% Time on Ice - ST. LOUIS Blues

Lines # - Real PCT - Wanted PCT - Time Play
Normal Forward
1 - 35% - 35% - 15:20
2 - 34% - 35% - 14:52
3 - 28% - 20% - 12:18
4 - 3% - 10% - 1:26
Normal Defense
1 - 40% - 40% - 17:29
2 - 31% - 30% - 13:40
3 - 24% - 20% - 10:33
4 - 5% - 10% - 2:14
PP Forward
1 - 54% - 60% - 2:59
2 - 46% - 40% - 2:31
PP Defense
1 - 48% - 60% - 2:40
2 - 52% - 40% - 2:50
PK Forward
1 - 74% - 60% - 5:48
2 - 26% - 40% - 2:05
PK Defense
1 - 65% - 60% - 5:06
2 - 35% - 40% - 2:47
PK3 Forward
1 - 100% - 60% - 1:20
2 - 0% - 40% - 0:00
PK3 Defense
1 - 59% - 60% - 0:47
2 - 41% - 40% - 0:33
44 Forward
1 - 57% - 60% - 0:46
2 - 43% - 40% - 0:35
44 Defense
1 - 43% - 60% - 0:35
2 - 57% - 40% - 0:46
Last Minute Offensive  - 0:00
Last Minute Defensive  - 0:00
Total
Forward - 60:00
Defense - 60:00

Play-by-Play

1st period


0:01 of 1st period - Jeff Skinner wins face-off versus Evgeny Kuznetsov in neutral zone.
0:01 of 1st period - Jeff Skinner is hit by Evgeny Kuznetsov.
0:33 of 1st period - Shot by Evgeny Kuznetsov.
0:33 of 1st period - Stopped by Jonathan Quick with a rebound.
0:35 of 1st period - Shot by Oliver Bjorkstrand.
0:35 of 1st period - Deflect By Jonathan Marchessault.
0:35 of 1st period - Shot Blocked by Oliver Ekman-Larsson.
0:37 of 1st period - Shot by Oliver Bjorkstrand.
0:37 of 1st period - Shot Misses the Net.
0:57 of 1st period - Icing by Calle Jarnkrok.
0:58 of 1st period - Trevor Zegras wins face-off versus Roope Hintz in ST. LOUIS Blues zone.
0:59 of 1st period - Shot by Jason Zucker.
0:59 of 1st period - Deflect By Trevor Zegras.
0:59 of 1st period - Shot Misses the Net.
1:01 of 1st period - Shot by Alex Iafallo.
1:01 of 1st period - Shot Misses the Net.
1:03 of 1st period - Shot by Alex Iafallo.
1:03 of 1st period - Shot Blocked by Damon Severson.
1:05 of 1st period - Shot by Alex Iafallo.
1:05 of 1st period - Stopped by Filip Gustavsson without a rebound.
1:06 of 1st period - Marcus Johansson wins face-off versus Nick Foligno in ST. LOUIS Blues zone.
1:24 of 1st period - Jordan Eberle is hit by Colin Miller.
1:30 of 1st period - Shot by Jordan Eberle.
1:30 of 1st period - Stopped by Filip Gustavsson without a rebound.
1:31 of 1st period - Trevor Zegras wins face-off versus Roope Hintz in ST. LOUIS Blues zone.
1:33 of 1st period - Minor Penalty to Jason Zucker for Interference.
1:34 of 1st period - Roope Hintz wins face-off versus Jeff Skinner in COLORADO Avalanche zone.
1:35 of 1st period - Shot by Erik Karlsson.
1:35 of 1st period - Shot Misses the Net.
1:37 of 1st period - Shot by Gustav Forsling.
1:37 of 1st period - Shot Misses the Net.
1:39 of 1st period - Shot by Erik Haula.
1:39 of 1st period - Stopped by Jonathan Quick without a rebound.
1:40 of 1st period - Roope Hintz wins face-off versus Jeff Skinner in COLORADO Avalanche zone.
1:45 of 1st period - Shot by Gustav Forsling.
1:45 of 1st period - Stopped by Jonathan Quick without a rebound.
1:46 of 1st period - Roope Hintz wins face-off versus Jeff Skinner in COLORADO Avalanche zone.
1:47 of 1st period - Shot by Gustav Forsling.
1:47 of 1st period - Shot Misses the Net.
1:54 of 1st period - Icing by Roope Hintz.
1:55 of 1st period - Jeff Skinner wins face-off versus Roope Hintz in ST. LOUIS Blues zone.
2:09 of 1st period - Shot by Erik Karlsson.
2:09 of 1st period - Shot Blocked by Zach Bogosian.
2:11 of 1st period - Shot by Erik Haula.
2:11 of 1st period - Stopped by Jonathan Quick without a rebound.
2:12 of 1st period - Evgeny Kuznetsov wins face-off versus Jeff Skinner in COLORADO Avalanche zone.
2:12 of 1st period - Oliver Bjorkstrand is hit by Oliver Ekman-Larsson.
2:13 of 1st period - Minor Penalty to Tyson Barrie for Roughing.
2:14 of 1st period - Oliver Bjorkstrand wins face-off versus Jeff Skinner in COLORADO Avalanche zone.
2:45 of 1st period - Shot by Damon Severson.
2:45 of 1st period - Stopped by Jonathan Quick with a rebound.
2:47 of 1st period - Shot by Oliver Bjorkstrand.
2:47 of 1st period - Shot Misses the Net.
2:51 of 1st period - Shot by Damon Severson.
2:51 of 1st period - Stopped by Jonathan Quick with a rebound.
2:53 of 1st period - Shot by Damon Severson.
2:53 of 1st period - Stopped by Jonathan Quick without a rebound.
2:54 of 1st period - Roope Hintz wins face-off versus Trevor Zegras in COLORADO Avalanche zone.
3:07 of 1st period - Shot by Roope Hintz.
3:07 of 1st period - Goal by Roope Hintz - COLORADO Avalanche : 0 - ST. LOUIS Blues : 1.
3:08 of 1st period - Roope Hintz wins face-off versus Jeff Skinner in neutral zone.
3:26 of 1st period - Shot by Roope Hintz.
3:26 of 1st period - Shot Misses the Net.
3:28 of 1st period - Shot by Gustav Forsling.
3:28 of 1st period - Shot Misses the Net.
3:30 of 1st period - Shot by Erik Karlsson.
3:30 of 1st period - Shot Blocked by Kris Russell.
3:32 of 1st period - Shot by Gustav Forsling.
3:32 of 1st period - Shot Misses the Net.
3:34 of 1st period - Shot by Erik Haula.
3:34 of 1st period - Deflect By Jonathan Marchessault.
3:34 of 1st period - Shot Misses the Net.
3:42 of 1st period - Shot by Erik Karlsson.
3:42 of 1st period - Shot Blocked by Kris Russell.
3:44 of 1st period - Shot by Roope Hintz.
3:44 of 1st period - Shot Misses the Net.
4:38 of 1st period - Erik Gustafsson is hit by Mark Pysyk and loses puck.
4:51 of 1st period - Icing by Erik Gustafsson.
4:52 of 1st period - Nick Foligno wins face-off versus Robby Fabbri in ST. LOUIS Blues zone.
4:52 of 1st period - Jordan Eberle is hit by Damon Severson and loses puck.
5:01 of 1st period - Shot by Jordan Eberle.
5:01 of 1st period - Goal by Jordan Eberle - COLORADO Avalanche : 1 - ST. LOUIS Blues : 1.
5:02 of 1st period - Evgeny Kuznetsov wins face-off versus Craig Smith in neutral zone.
5:02 of 1st period - Evgeny Kuznetsov is hit by Nick Foligno.
5:34 of 1st period - Shot by Jonathan Marchessault.
5:34 of 1st period - Stopped by Jonathan Quick without a rebound.
5:35 of 1st period - Erik Haula wins face-off versus Trevor Zegras in COLORADO Avalanche zone.
5:38 of 1st period - Shot by Marcus Johansson.
5:38 of 1st period - Goal by Marcus Johansson - COLORADO Avalanche : 1 - ST. LOUIS Blues : 2.
5:39 of 1st period - Erik Haula wins face-off versus Jeff Skinner in neutral zone.
6:32 of 1st period - Oliver Ekman-Larsson is hit by Colin Miller and loses puck.
7:23 of 1st period - Shot by Roope Hintz.
7:23 of 1st period - Deflect By Jack Roslovic.
7:23 of 1st period - Shot Misses the Net.
7:25 of 1st period - Shot by Calle Jarnkrok.
7:25 of 1st period - Stopped by Jonathan Quick without a rebound.
7:26 of 1st period - Nick Foligno wins face-off versus Evgeny Kuznetsov in COLORADO Avalanche zone.
7:33 of 1st period - Shot by Tomas Nosek.
7:33 of 1st period - Shot Blocked by Erik Gustafsson.
8:09 of 1st period - Damon Severson is hit by Tomas Nosek and loses puck.
8:19 of 1st period - Icing by Jordie Benn.
8:20 of 1st period - Nick Foligno wins face-off versus Brandon Tanev in COLORADO Avalanche zone.
8:35 of 1st period - Shot by Erik Haula.
8:35 of 1st period - Stopped by Jonathan Quick without a rebound.
8:36 of 1st period - Roope Hintz wins face-off versus David Pastrnak in COLORADO Avalanche zone.
8:39 of 1st period - Shot by Roope Hintz.
8:39 of 1st period - Goal by Roope Hintz - COLORADO Avalanche : 1 - ST. LOUIS Blues : 3.
8:40 of 1st period - Jeff Skinner wins face-off versus Roope Hintz in neutral zone.
9:00 of 1st period - Shot by Jeff Skinner.
9:00 of 1st period - Stopped by Filip Gustavsson without a rebound.
9:01 of 1st period - Trevor Zegras wins face-off versus Evgeny Kuznetsov in ST. LOUIS Blues zone.
9:08 of 1st period - Alex Iafallo is hit by Oliver Bjorkstrand and loses puck.
9:24 of 1st period - Off-side.
9:25 of 1st period - Jeff Skinner wins face-off versus Roope Hintz in neutral zone.
9:42 of 1st period - David Pastrnak is hit by Jack Roslovic and loses puck.
10:10 of 1st period - Minor Penalty to Jake DeBrusk for High sticking.
10:11 of 1st period - Trevor Zegras wins face-off versus Roope Hintz in COLORADO Avalanche zone.
10:17 of 1st period - Icing by Colin Miller.
10:18 of 1st period - Trevor Zegras wins face-off versus Roope Hintz in ST. LOUIS Blues zone.
10:21 of 1st period - Shot by Jason Zucker.
10:21 of 1st period - Stopped by Filip Gustavsson without a rebound.
10:22 of 1st period - Jeff Skinner wins face-off versus Evgeny Kuznetsov in ST. LOUIS Blues zone.
10:48 of 1st period - Icing by Oliver Bjorkstrand.
10:49 of 1st period - Jeff Skinner wins face-off versus Evgeny Kuznetsov in ST. LOUIS Blues zone.
10:52 of 1st period - Shot by Jason Zucker.
10:52 of 1st period - Goal by Jason Zucker - COLORADO Avalanche : 2 - ST. LOUIS Blues : 3.
10:53 of 1st period - Jeff Skinner wins face-off versus Roope Hintz in neutral zone.
11:21 of 1st period - Shot by Roope Hintz.
11:21 of 1st period - Shot Misses the Net.
11:23 of 1st period - Shot by Gustav Forsling.
11:23 of 1st period - Stopped by Jonathan Quick without a rebound.
11:24 of 1st period - Evgeny Kuznetsov wins face-off versus Trevor Zegras in COLORADO Avalanche zone.
11:52 of 1st period - Icing by Oliver Bjorkstrand.
11:53 of 1st period - Jeff Skinner wins face-off versus Evgeny Kuznetsov in ST. LOUIS Blues zone.
12:07 of 1st period - Icing by Jack Roslovic.
12:08 of 1st period - Evgeny Kuznetsov wins face-off versus Jeff Skinner in ST. LOUIS Blues zone.
12:17 of 1st period - Shot by Gustav Forsling.
12:17 of 1st period - Stopped by Jonathan Quick without a rebound.
12:18 of 1st period - Erik Haula wins face-off versus Zach Aston-Reese in COLORADO Avalanche zone.
12:18 of 1st period - Brandon Tanev is hit by Zach Bogosian and loses puck.
12:47 of 1st period - Shot by Zach Aston-Reese.
12:47 of 1st period - Shot Blocked by Gustav Forsling.
12:49 of 1st period - Shot by Zach Aston-Reese.
12:49 of 1st period - Stopped by Filip Gustavsson without a rebound.
12:50 of 1st period - Trevor Zegras wins face-off versus Roope Hintz in ST. LOUIS Blues zone.
12:51 of 1st period - Shot by Jason Zucker.
12:51 of 1st period - Stopped by Filip Gustavsson without a rebound.
12:52 of 1st period - Roope Hintz wins face-off versus Trevor Zegras in ST. LOUIS Blues zone.
13:17 of 1st period - Shot by Roope Hintz.
13:17 of 1st period - Stopped by Jonathan Quick without a rebound.
13:18 of 1st period - Jeff Skinner wins face-off versus Evgeny Kuznetsov in COLORADO Avalanche zone.
13:23 of 1st period - Shot by David Pastrnak.
13:23 of 1st period - Shot Blocked by Gustav Forsling.
13:38 of 1st period - Shot by Jeff Skinner.
13:38 of 1st period - Stopped by Filip Gustavsson without a rebound.
13:39 of 1st period - Roope Hintz wins face-off versus Jason Zucker in ST. LOUIS Blues zone.
14:00 of 1st period - Shot by Roope Hintz.
14:00 of 1st period - Stopped by Jonathan Quick without a rebound.
14:01 of 1st period - Evgeny Kuznetsov wins face-off versus David Pastrnak in COLORADO Avalanche zone.
14:06 of 1st period - Shot by Jonathan Marchessault.
14:06 of 1st period - Deflect By Evgeny Kuznetsov.
14:06 of 1st period - Shot Blocked by Jake DeBrusk.
14:12 of 1st period - Shot by David Pastrnak.
14:12 of 1st period - Stopped by Filip Gustavsson without a rebound.
14:13 of 1st period - Roope Hintz wins face-off versus Trevor Zegras in ST. LOUIS Blues zone.
14:13 of 1st period - Roope Hintz is hit by Alex Iafallo.
14:21 of 1st period - Icing by Oliver Ekman-Larsson.
14:22 of 1st period - Trevor Zegras wins face-off versus Evgeny Kuznetsov in COLORADO Avalanche zone.
14:33 of 1st period - Shot by Oliver Bjorkstrand.
14:33 of 1st period - Shot Misses the Net.
14:39 of 1st period - Shot by Tyson Barrie.
14:39 of 1st period - Stopped by Filip Gustavsson without a rebound.
14:40 of 1st period - Calle Jarnkrok wins face-off versus Jeff Skinner in ST. LOUIS Blues zone.
14:49 of 1st period - Shot by Jake DeBrusk.
14:49 of 1st period - Stopped by Filip Gustavsson without a rebound.
14:50 of 1st period - Oliver Bjorkstrand wins face-off versus Trevor Zegras in ST. LOUIS Blues zone.
15:03 of 1st period - Evgeny Kuznetsov is hit by Trevor Zegras and loses puck.
15:09 of 1st period - Trevor Zegras is hit by Gustav Forsling.
15:23 of 1st period - Gustav Forsling is hit by Tyson Barrie and loses puck.
15:29 of 1st period - Jonathan Marchessault is hit by Oliver Ekman-Larsson and loses puck.
15:43 of 1st period - Icing by Tyson Barrie.
15:44 of 1st period - Roope Hintz wins face-off versus Trevor Zegras in COLORADO Avalanche zone.
15:44 of 1st period - Oscar Klefbom is hit by Tyson Barrie and loses puck.
15:50 of 1st period - Oliver Ekman-Larsson is hit by Colin Miller.
16:21 of 1st period - Colin Miller beats up Jason Zucker.
16:21 of 1st period - Penalty to Colin Miller for Fighting.
16:21 of 1st period - Penalty to Jason Zucker for Fighting.
16:22 of 1st period - Erik Haula wins face-off versus Jeff Skinner in ST. LOUIS Blues zone.
16:45 of 1st period - Shot by Jake DeBrusk.
16:45 of 1st period - Stopped by Filip Gustavsson without a rebound.
16:46 of 1st period - Evgeny Kuznetsov wins face-off versus Nick Foligno in ST. LOUIS Blues zone.
16:54 of 1st period - Evgeny Kuznetsov is hit by Jordie Benn and loses puck.
17:01 of 1st period - Shot by Evgeny Kuznetsov.
17:01 of 1st period - Stopped by Jonathan Quick with a rebound.
17:28 of 1st period - Tomas Nosek is hit by Jonathan Marchessault and loses puck.
17:55 of 1st period - Shot by Jeff Skinner.
17:55 of 1st period - Shot Blocked by Erik Karlsson.
17:57 of 1st period - Shot by Jake DeBrusk.
17:57 of 1st period - Shot Blocked by Gustav Forsling.
18:14 of 1st period - Shot by Jeff Skinner.
18:14 of 1st period - Stopped by Filip Gustavsson with a rebound.
18:24 of 1st period - David Pastrnak is hit by Jonathan Marchessault and loses puck.
18:38 of 1st period - Off-side.
18:39 of 1st period - Alex Iafallo wins face-off versus Roope Hintz in neutral zone.
18:48 of 1st period - Shot by Trevor Zegras.
18:48 of 1st period - Shot Misses the Net.
19:06 of 1st period - Shot by Roope Hintz.
19:06 of 1st period - Stopped by Jonathan Quick without a rebound.
19:07 of 1st period - Erik Haula wins face-off versus Nick Foligno in COLORADO Avalanche zone.
19:07 of 1st period - Erik Haula is hit by Jordie Benn.
19:11 of 1st period - Shot by Brandon Tanev.
19:11 of 1st period - Deflect By Marcus Johansson.
19:11 of 1st period - Stopped by Jonathan Quick without a rebound.
19:12 of 1st period - Erik Haula wins face-off versus Nick Foligno in COLORADO Avalanche zone.
19:18 of 1st period - Marcus Johansson is hit by Jordie Benn and loses puck.
19:27 of 1st period - Kris Russell is hit by Brandon Tanev and loses puck.
19:37 of 1st period - Minor Penalty to Jordie Benn for Roughing.
19:38 of 1st period - Jeff Skinner wins face-off versus Roope Hintz in COLORADO Avalanche zone.
Goals for this period are 2 for COLORADO Avalanche vs 3 for ST. LOUIS Blues.
Shots for this period are 14 for COLORADO Avalanche vs 20 for ST. LOUIS Blues.

2nd period


0:01 of 2nd period - Roope Hintz wins face-off versus Jeff Skinner in neutral zone.
0:15 of 2nd period - Minor Penalty to Erik Haula for High sticking.
0:16 of 2nd period - Jeff Skinner wins face-off versus Roope Hintz in ST. LOUIS Blues zone.
0:39 of 2nd period - Shot by Jonathan Marchessault.
0:39 of 2nd period - Stopped by Jonathan Quick with a rebound.
1:41 of 2nd period - Jonathan Marchessault is hit by Oliver Ekman-Larsson and loses puck.
2:03 of 2nd period - Jason Zucker is hit by Oscar Klefbom and loses puck.
2:22 of 2nd period - Shot by Zach Aston-Reese.
2:22 of 2nd period - Stopped by Filip Gustavsson without a rebound.
2:23 of 2nd period - Erik Haula wins face-off versus Nick Foligno in ST. LOUIS Blues zone.
2:23 of 2nd period - Erik Haula is hit by Tomas Nosek.
2:33 of 2nd period - Icing by Tomas Nosek.
2:34 of 2nd period - Roope Hintz wins face-off versus Nick Foligno in COLORADO Avalanche zone.
2:39 of 2nd period - Shot by Roope Hintz.
2:39 of 2nd period - Stopped by Jonathan Quick with a rebound.
2:41 of 2nd period - Shot by Roope Hintz.
2:41 of 2nd period - Goal by Roope Hintz - COLORADO Avalanche : 2 - ST. LOUIS Blues : 4.
2:42 of 2nd period - Erik Haula wins face-off versus Jason Zucker in neutral zone.
3:02 of 2nd period - Minor Penalty to Erik Haula for Roughing.
3:03 of 2nd period - Jeff Skinner wins face-off versus Roope Hintz in ST. LOUIS Blues zone.
3:06 of 2nd period - Shot by David Pastrnak.
3:06 of 2nd period - Shot Misses the Net.
3:08 of 2nd period - Shot by Jake DeBrusk.
3:08 of 2nd period - Deflect By Jeff Skinner.
3:08 of 2nd period - Shot Misses the Net.
3:22 of 2nd period - Shot by Tyson Barrie.
3:22 of 2nd period - Shot Misses the Net.
3:37 of 2nd period - Icing by Oliver Ekman-Larsson.
3:38 of 2nd period - Jeff Skinner wins face-off versus Roope Hintz in COLORADO Avalanche zone.
3:49 of 2nd period - Shot by Tyson Barrie.
3:49 of 2nd period - Stopped by Filip Gustavsson without a rebound.
3:50 of 2nd period - Roope Hintz wins face-off versus Trevor Zegras in ST. LOUIS Blues zone.
4:06 of 2nd period - Icing by Zach Bogosian.
4:07 of 2nd period - Alex Iafallo wins face-off versus Roope Hintz in COLORADO Avalanche zone.
4:31 of 2nd period - Shot by Alex Iafallo.
4:31 of 2nd period - Shot Misses the Net.
6:15 of 2nd period - Tomas Nosek is hit by Jack Roslovic and loses puck.
7:08 of 2nd period - Off-side.
7:09 of 2nd period - Trevor Zegras wins face-off versus Evgeny Kuznetsov in neutral zone.
7:44 of 2nd period - Shot by Erik Karlsson.
7:44 of 2nd period - Stopped by Jonathan Quick with a rebound.
8:46 of 2nd period - Shot by Jeff Skinner.
8:46 of 2nd period - Stopped by Filip Gustavsson without a rebound.
8:47 of 2nd period - Roope Hintz wins face-off versus David Pastrnak in ST. LOUIS Blues zone.
8:51 of 2nd period - Minor Penalty to Zach Bogosian for Holding.
8:52 of 2nd period - Jeff Skinner wins face-off versus Evgeny Kuznetsov in COLORADO Avalanche zone.
8:52 of 2nd period - Tyson Barrie is hit by Evgeny Kuznetsov and loses puck.
9:05 of 2nd period - Shot by Gustav Forsling.
9:05 of 2nd period - Goal by Gustav Forsling - COLORADO Avalanche : 2 - ST. LOUIS Blues : 5.
9:06 of 2nd period - Trevor Zegras wins face-off versus Robby Fabbri in neutral zone.
9:28 of 2nd period - Minor Penalty to Roope Hintz for Cross-checking.
9:29 of 2nd period - Jeff Skinner wins face-off versus Jack Roslovic in ST. LOUIS Blues zone.
9:42 of 2nd period - Shot by Jake DeBrusk.
9:42 of 2nd period - Shot Misses the Net.
9:44 of 2nd period - Shot by Jake DeBrusk.
9:44 of 2nd period - Stopped by Filip Gustavsson with a rebound.
10:00 of 2nd period - Shot by Tyson Barrie.
10:00 of 2nd period - Shot Misses the Net.
10:02 of 2nd period - Shot by Jake DeBrusk.
10:02 of 2nd period - Deflect By Jeff Skinner.
10:02 of 2nd period - Shot Misses the Net.
10:04 of 2nd period - Shot by Oliver Ekman-Larsson.
10:04 of 2nd period - Shot Blocked by Erik Karlsson.
10:06 of 2nd period - Shot by Tyson Barrie.
10:06 of 2nd period - Shot Misses the Net.
10:07 of 2nd period - Minor Penalty to Erik Karlsson for Cross-checking.
10:08 of 2nd period - Erik Haula wins face-off versus Trevor Zegras in ST. LOUIS Blues zone.
10:39 of 2nd period - Shot by Alex Iafallo.
10:39 of 2nd period - Deflect By Jeff Skinner.
10:39 of 2nd period - Stopped by Filip Gustavsson with a rebound.
10:41 of 2nd period - Shot by Alex Iafallo.
10:41 of 2nd period - Shot Misses the Net.
10:43 of 2nd period - Shot by Jeff Skinner.
10:43 of 2nd period - Shot Misses the Net.
11:06 of 2nd period - Shot by Tyson Barrie.
11:06 of 2nd period - Stopped by Filip Gustavsson without a rebound.
11:07 of 2nd period - Erik Haula wins face-off versus Jason Zucker in ST. LOUIS Blues zone.
11:18 of 2nd period - Gustav Forsling is hit by Jason Zucker and loses puck.
11:46 of 2nd period - Icing by Zach Bogosian.
11:47 of 2nd period - Trevor Zegras wins face-off versus Roope Hintz in COLORADO Avalanche zone.
12:38 of 2nd period - Off-side.
12:39 of 2nd period - Trevor Zegras wins face-off versus Roope Hintz in neutral zone.
12:49 of 2nd period - Icing by Gustav Forsling.
12:50 of 2nd period - Trevor Zegras wins face-off versus Roope Hintz in ST. LOUIS Blues zone.
12:55 of 2nd period - Shot by Trevor Zegras.
12:55 of 2nd period - Shot Misses the Net.
13:25 of 2nd period - Shot by Trevor Zegras.
13:25 of 2nd period - Stopped by Filip Gustavsson without a rebound.
13:26 of 2nd period - Evgeny Kuznetsov wins face-off versus Jeff Skinner in ST. LOUIS Blues zone.
13:39 of 2nd period - Shot by Oliver Ekman-Larsson.
13:39 of 2nd period - Shot Blocked by Damon Severson.
13:41 of 2nd period - Shot by Jake DeBrusk.
13:41 of 2nd period - Shot Blocked by Erik Gustafsson.
14:06 of 2nd period - Shot by Jeff Skinner.
14:06 of 2nd period - Stopped by Filip Gustavsson without a rebound.
14:07 of 2nd period - Trevor Zegras wins face-off versus Roope Hintz in ST. LOUIS Blues zone.
14:26 of 2nd period - Shot by Roope Hintz.
14:26 of 2nd period - Shot Blocked by Zach Bogosian.
14:29 of 2nd period - Icing by Mark Pysyk.
14:30 of 2nd period - Erik Haula wins face-off versus Trevor Zegras in COLORADO Avalanche zone.
14:46 of 2nd period - Jason Zucker is hit by Gustav Forsling and loses puck.
14:50 of 2nd period - Trevor Zegras is hit by Erik Karlsson and loses puck.
14:56 of 2nd period - Icing by Gustav Forsling.
14:57 of 2nd period - Erik Haula wins face-off versus Jeff Skinner in ST. LOUIS Blues zone.
16:01 of 2nd period - Shot by Craig Smith.
16:01 of 2nd period - Shot Blocked by Erik Karlsson.
16:03 of 2nd period - Shot by Zach Aston-Reese.
16:03 of 2nd period - Shot Misses the Net.
16:05 of 2nd period - Shot by Nick Foligno.
16:05 of 2nd period - Stopped by Filip Gustavsson without a rebound.
16:06 of 2nd period - Calle Jarnkrok wins face-off versus Trevor Zegras in ST. LOUIS Blues zone.
16:15 of 2nd period - Shot by Calle Jarnkrok.
16:15 of 2nd period - Shot Misses the Net.
16:29 of 2nd period - Shot by Alex Iafallo.
16:29 of 2nd period - Stopped by Filip Gustavsson with a rebound.
16:34 of 2nd period - Trevor Zegras is hit by Damon Severson.
16:55 of 2nd period - Damon Severson is hit by Trevor Zegras and loses puck.
18:12 of 2nd period - Minor Penalty to Gustav Forsling for Elbowing.
18:13 of 2nd period - Trevor Zegras wins face-off versus Roope Hintz in ST. LOUIS Blues zone.
18:14 of 2nd period - Shot by Jeff Skinner.
18:14 of 2nd period - Shot Misses the Net.
19:26 of 2nd period - Shot by Tyson Barrie.
19:26 of 2nd period - Stopped by Filip Gustavsson without a rebound.
19:27 of 2nd period - Jack Roslovic wins face-off versus Trevor Zegras in ST. LOUIS Blues zone.
Goals for this period are 0 for COLORADO Avalanche vs 2 for ST. LOUIS Blues.
Shots for this period are 11 for COLORADO Avalanche vs 5 for ST. LOUIS Blues.

3rd period


0:01 of 3rd period - Jake DeBrusk wins face-off versus Roope Hintz in neutral zone.
0:19 of 3rd period - Off-side.
0:20 of 3rd period - Roope Hintz wins face-off versus Jeff Skinner in neutral zone.
0:23 of 3rd period - Shot by Calle Jarnkrok.
0:23 of 3rd period - Shot Misses the Net.
0:37 of 3rd period - Shot by Calle Jarnkrok.
0:37 of 3rd period - Stopped by Jonathan Quick without a rebound.
0:38 of 3rd period - Evgeny Kuznetsov wins face-off versus Trevor Zegras in COLORADO Avalanche zone.
0:42 of 3rd period - Icing by Mark Pysyk.
0:43 of 3rd period - Roope Hintz wins face-off versus Trevor Zegras in COLORADO Avalanche zone.
0:44 of 3rd period - Shot by Gustav Forsling.
0:44 of 3rd period - Shot Misses the Net.
1:08 of 3rd period - Shot by Erik Karlsson.
1:08 of 3rd period - Shot Misses the Net.
1:10 of 3rd period - Shot by Gustav Forsling.
1:10 of 3rd period - Goal by Gustav Forsling - COLORADO Avalanche : 2 - ST. LOUIS Blues : 6.
1:10 of 3rd period - Magnus Hellberg enters game.
1:11 of 3rd period - Evgeny Kuznetsov wins face-off versus Jeff Skinner in neutral zone.
1:20 of 3rd period - Shot by Jonathan Marchessault.
1:20 of 3rd period - Deflect By Oliver Bjorkstrand.
1:20 of 3rd period - Stopped by Magnus Hellberg without a rebound.
1:21 of 3rd period - Evgeny Kuznetsov wins face-off versus Jeff Skinner in COLORADO Avalanche zone.
1:49 of 3rd period - Shot by Oliver Bjorkstrand.
1:49 of 3rd period - Shot Misses the Net.
1:51 of 3rd period - Shot by Oliver Bjorkstrand.
1:51 of 3rd period - Shot Misses the Net.
2:12 of 3rd period - Icing by Oscar Klefbom.
2:13 of 3rd period - Evgeny Kuznetsov wins face-off versus Trevor Zegras in ST. LOUIS Blues zone.
3:42 of 3rd period - Shot by Craig Smith.
3:42 of 3rd period - Stopped by Filip Gustavsson without a rebound.
3:43 of 3rd period - Jeff Skinner wins face-off versus Erik Haula in ST. LOUIS Blues zone.
3:56 of 3rd period - Shot by Brandon Tanev.
3:56 of 3rd period - Shot Misses the Net.
3:58 of 3rd period - Shot by Erik Haula.
3:58 of 3rd period - Shot Misses the Net.
4:00 of 3rd period - Shot by Marcus Johansson.
4:00 of 3rd period - Shot Misses the Net.
4:20 of 3rd period - Shot by Erik Haula.
4:20 of 3rd period - Stopped by Magnus Hellberg without a rebound.
4:21 of 3rd period - Trevor Zegras wins face-off versus Jonathan Marchessault in COLORADO Avalanche zone.
4:35 of 3rd period - Icing by Trevor Zegras.
4:36 of 3rd period - Evgeny Kuznetsov wins face-off versus Alex Iafallo in COLORADO Avalanche zone.
4:37 of 3rd period - Shot by Oliver Bjorkstrand.
4:37 of 3rd period - Stopped by Magnus Hellberg without a rebound.
4:38 of 3rd period - Jeff Skinner wins face-off versus Evgeny Kuznetsov in COLORADO Avalanche zone.
4:51 of 3rd period - Shot by Jeff Skinner.
4:51 of 3rd period - Stopped by Filip Gustavsson without a rebound.
4:52 of 3rd period - Roope Hintz wins face-off versus Jordan Eberle in ST. LOUIS Blues zone.
5:24 of 3rd period - Shot by Calle Jarnkrok.
5:24 of 3rd period - Deflect By Roope Hintz.
5:24 of 3rd period - Stopped by Magnus Hellberg without a rebound.
5:25 of 3rd period - Evgeny Kuznetsov wins face-off versus Jake DeBrusk in COLORADO Avalanche zone.
5:30 of 3rd period - Shot by Evgeny Kuznetsov.
5:30 of 3rd period - Stopped by Magnus Hellberg without a rebound.
5:31 of 3rd period - Jeff Skinner wins face-off versus Evgeny Kuznetsov in COLORADO Avalanche zone.
5:50 of 3rd period - Shot by Jeff Skinner.
5:50 of 3rd period - Goal by Jeff Skinner - COLORADO Avalanche : 3 - ST. LOUIS Blues : 6.
5:51 of 3rd period - Trevor Zegras wins face-off versus Roope Hintz in neutral zone.
6:08 of 3rd period - Shot by Trevor Zegras.
6:08 of 3rd period - Stopped by Filip Gustavsson without a rebound.
6:09 of 3rd period - Jeff Skinner wins face-off versus Evgeny Kuznetsov in ST. LOUIS Blues zone.
6:18 of 3rd period - Shot by Jeff Skinner.
6:18 of 3rd period - Shot Misses the Net.
6:20 of 3rd period - Shot by Jake DeBrusk.
6:20 of 3rd period - Stopped by Filip Gustavsson without a rebound.
6:21 of 3rd period - Trevor Zegras wins face-off versus Roope Hintz in ST. LOUIS Blues zone.
6:21 of 3rd period - Trevor Zegras is hit by Erik Karlsson.
6:28 of 3rd period - Icing by Erik Karlsson.
6:29 of 3rd period - Roope Hintz wins face-off versus Jeff Skinner in ST. LOUIS Blues zone.
6:38 of 3rd period - Shot by Roope Hintz.
6:38 of 3rd period - Shot Misses the Net.
7:10 of 3rd period - Shot by Erik Karlsson.
7:10 of 3rd period - Shot Blocked by Oliver Ekman-Larsson.
7:28 of 3rd period - Shot by Alex Iafallo.
7:28 of 3rd period - Stopped by Filip Gustavsson without a rebound.
7:29 of 3rd period - Evgeny Kuznetsov wins face-off versus Nick Foligno in ST. LOUIS Blues zone.
7:29 of 3rd period - Evgeny Kuznetsov is hit by Nick Foligno.
7:36 of 3rd period - Erik Gustafsson is hit by Kris Russell and loses puck.
7:44 of 3rd period - Off-side.
7:45 of 3rd period - Erik Haula wins face-off versus Trevor Zegras in neutral zone.
9:12 of 3rd period - Shot by Jonathan Marchessault.
9:12 of 3rd period - Stopped by Magnus Hellberg without a rebound.
9:13 of 3rd period - Nick Foligno wins face-off versus Roope Hintz in COLORADO Avalanche zone.
9:18 of 3rd period - Jack Roslovic is hit by Nick Foligno and loses puck.
9:29 of 3rd period - Shot by Jordan Eberle.
9:29 of 3rd period - Shot Misses the Net.
10:04 of 3rd period - Icing by Jordie Benn.
10:05 of 3rd period - Evgeny Kuznetsov wins face-off versus Nick Foligno in COLORADO Avalanche zone.
10:39 of 3rd period - Shot by David Pastrnak.
10:39 of 3rd period - Shot Misses the Net.
10:41 of 3rd period - Shot by David Pastrnak.
10:41 of 3rd period - Stopped by Filip Gustavsson without a rebound.
10:42 of 3rd period - Erik Haula wins face-off versus Trevor Zegras in ST. LOUIS Blues zone.
11:19 of 3rd period - Icing by Oscar Klefbom.
11:20 of 3rd period - Erik Haula wins face-off versus Jeff Skinner in ST. LOUIS Blues zone.
11:54 of 3rd period - Shot by David Pastrnak.
11:54 of 3rd period - Shot Misses the Net.
12:20 of 3rd period - Off-side.
12:21 of 3rd period - Roope Hintz wins face-off versus Craig Smith in neutral zone.
12:28 of 3rd period - Shot by Jack Roslovic.
12:28 of 3rd period - Shot Misses the Net.
12:47 of 3rd period - Icing by Roope Hintz.
12:48 of 3rd period - Trevor Zegras wins face-off versus Roope Hintz in ST. LOUIS Blues zone.
12:48 of 3rd period - Jason Zucker is hit by Erik Gustafsson.
12:59 of 3rd period - Alex Iafallo is hit by Erik Gustafsson and loses puck.
13:45 of 3rd period - Shot by Jonathan Marchessault.
13:45 of 3rd period - Shot Misses the Net.
13:53 of 3rd period - Shot by Jonathan Marchessault.
13:53 of 3rd period - Shot Misses the Net.
13:55 of 3rd period - Shot by Jonathan Marchessault.
13:55 of 3rd period - Stopped by Magnus Hellberg without a rebound.
13:56 of 3rd period - Jeff Skinner wins face-off versus Erik Haula in COLORADO Avalanche zone.
14:23 of 3rd period - Shot by Brandon Tanev.
14:23 of 3rd period - Goal by Brandon Tanev - COLORADO Avalanche : 3 - ST. LOUIS Blues : 7.
14:24 of 3rd period - Roope Hintz wins face-off versus Nick Foligno in neutral zone.
15:52 of 3rd period - Shot by David Pastrnak.
15:52 of 3rd period - Shot Misses the Net.
16:05 of 3rd period - Icing by Gustav Forsling.
16:06 of 3rd period - Evgeny Kuznetsov wins face-off versus Trevor Zegras in ST. LOUIS Blues zone.
16:15 of 3rd period - Kris Russell is hit by Jonathan Marchessault and loses puck.
16:23 of 3rd period - Minor Penalty to Erik Karlsson for Tripping.
16:24 of 3rd period - Roope Hintz wins face-off versus Trevor Zegras in ST. LOUIS Blues zone.
18:27 of 3rd period - Colin Miller is hit by Nick Foligno.
19:12 of 3rd period - Oliver Bjorkstrand is hit by Oliver Ekman-Larsson and loses puck.
Goals for this period are 1 for COLORADO Avalanche vs 2 for ST. LOUIS Blues.
Shots for this period are 7 for COLORADO Avalanche vs 10 for ST. LOUIS Blues. Output by the SimonT Hockey Simulator (STHS) for Martin Benoit - Original Page W3C HTML5 Valid
Hockey Simulator - Hockey Simulation - Hockey Manager